| TOP OF THE 1ST |
|
State College Spikes batting - Pitching for Boise Hawks : LHP Marc Eismann
|
|
Pitching: LHP Marc Eismann
|
|
|
Batting: LHB Ichiro Toyota
|
0-0: Ball 1-0: Called Strike 1-1: DOUBLE (Flyball, 78D, EV 93.1 MPH)
|
|
Batting: RHB Mark Cahill
|
0-0: Foul Ball, location: 2F 0-1: Ball 1-1: DOUBLE (Flyball, 89XD, EV 99.4 MPH) Ichiro Toyota scores
|
|
Batting: LHB Shigeru Ono
|
0-0: Foul Ball, location: 2F 0-1: Called Strike 0-2: Ball 1-2: Fly out, F4 (Popup, 34, EV 52.5 MPH)
|
|
Batting: RHB Mike Zimmerly
|
0-0: Called Strike 0-1: Called Strike 0-2: Foul Ball, location: 2F 0-2: Foul Ball, location: 2F 0-2: Ball 1-2: Fly out, F3 (Popup, 3L, EV 68.1 MPH)
|
|
Batting: RHB Francisco Vargas
|
0-0: Swinging Strike 0-1: Foul Ball, location: 2F 0-2: Foul Ball, location: 2F 0-2: Ball 1-2: Strikes out swinging
|
| Top of the 1st over - 1 run, 2 hits, 0 errors, 1 left on base; State College 1 - Boise 0 |
| BOTTOM OF THE 1ST |
|
Boise Hawks batting - Pitching for State College Spikes : RHP Jim Vickers
|
|
Pitching: RHP Jim Vickers
|
|
|
Batting: LHB Eddie Gonzalez
|
0-0: Called Strike 0-1: Foul Ball, location: 2F 0-2: Ball 1-2: Fly out, F7 (Line Drive, 78M, EV 101.3 MPH)
|
|
Batting: RHB Ryan Rinaldi
|
0-0: Called Strike 0-1: Ball 1-1: Swinging Strike 1-2: Foul Ball, location: 2F 1-2: Ball 2-2: Ball 3-2: Base on Balls
|
|
Batting: LHB Greg Valenzuela
|
0-0: Called Strike 0-1: Foul Ball, location: 2F 0-2: Ball 1-2: Foul Ball, location: 2F 1-2: Foul Ball, location: 2F 1-2: Ball Ryan Rinaldi is caught stealing 2nd base 2-6 2-2: Fly out, F7 (Flyball, 7D, EV 88.8 MPH)
|
| Bottom of the 1st over - 0 runs, 0 hits, 0 errors, 0 left on base; State College 1 - Boise 0 |
| TOP OF THE 2ND |
|
State College Spikes batting - Pitching for Boise Hawks : LHP Marc Eismann
|
|
Batting: RHB Immel Kamuzu
|
0-0: Foul Ball, location: 2F 0-1: Ball 1-1: Swinging Strike 1-2: Foul Ball, location: 2F 1-2: Ground out 5-3 (Groundball, 5, EV 90.6 MPH)
|
|
Batting: RHB John Gibbs
|
0-0: Called Strike 0-1: Called Strike 0-2: Ball 1-2: Ball 2-2: Foul Ball, location: 2F 2-2: Ball 3-2: Base on Balls
|
|
Batting: LHB Adam Eisen
|
0-0: Called Strike 0-1: Fielders Choice at 2nd, 1-6 (Groundball, 13S, EV 65.6 MPH)
|
|
Batting: RHB Ray Souza
|
0-0: Called Strike 0-1: Called Strike Adam Eisen steals 2nd base 0-2: Strikes out looking
|
| Top of the 2nd over - 0 runs, 0 hits, 0 errors, 1 left on base; State College 1 - Boise 0 |
| BOTTOM OF THE 2ND |
|
Boise Hawks batting - Pitching for State College Spikes : RHP Jim Vickers
|
|
Batting: RHB Henry Alvizo
|
0-0: Ground out 3-1 (Groundball, 34D, EV 82.5 MPH)
|
|
Batting: RHB Tyler Stebbins
|
0-0: Foul Ball, location: 2F 0-1: Called Strike 0-2: Ball 1-2: Strikes out swinging
|
|
Batting: LHB Glenn Lowther
|
0-0: Ball 1-0: Swinging Strike 1-1: Foul Ball, location: 2F 1-2: Strikes out swinging
|
| Bottom of the 2nd over - 0 runs, 0 hits, 0 errors, 0 left on base; State College 1 - Boise 0 |
| TOP OF THE 3RD |
|
State College Spikes batting - Pitching for Boise Hawks : LHP Marc Eismann
|
|
Batting: LHB Ichiro Toyota
|
0-0: Foul Ball, location: 2F 0-1: DOUBLE (Flyball, 89D, EV 106.3 MPH)
|
|
Batting: RHB Mark Cahill
|
0-0: Ball 1-0: Foul Ball, location: 2F 1-1: Ball 2-1: Foul Ball, location: 2F 2-2: Foul Ball, location: 2F 2-2: Strikes out looking
|
|
Batting: LHB Shigeru Ono
|
0-0: Called Strike 0-1: Ball Balk! Ichiro Toyota to third 1-1: Ball 2-1: Ball 3-1: Ground out 6-3 (Groundball, 6, EV 87.5 MPH) Ichiro Toyota scores
|
|
Batting: RHB Mike Zimmerly
|
0-0: Ground out 5-3 (Groundball, 5, EV 84.4 MPH)
|
| Top of the 3rd over - 1 run, 1 hit, 0 errors, 0 left on base; State College 2 - Boise 0 |
| BOTTOM OF THE 3RD |
|
Boise Hawks batting - Pitching for State College Spikes : RHP Jim Vickers
|
|
Batting: RHB Chris Tatum
|
0-0: Called Strike 0-1: Called Strike 0-2: Ball 1-2: Foul Ball, location: 2F 1-2: SINGLE (Line Drive, 4D, EV 99.4 MPH)
|
|
Batting: LHB Zane Kelton
|
0-0: Called Strike 0-1: Foul Ball, location: 2F 0-2: Ball 1-2: Ball 2-2: Strikes out swinging
|
|
Batting: RHB Matt Cone
|
0-0: Ball 1-0: SINGLE (Groundball, 4MD, EV 105.0 MPH) Chris Tatum to second Runner from 2nd tries for 3rd, SAFE, throw by CF made to third Matt Cone to second
|
|
Batting: LHB Eddie Gonzalez
|
0-0: Foul Ball, location: 2F 0-1: Foul Ball, location: 2F 0-2: Ball 1-2: Ball 2-2: Foul Ball, location: 2F 2-2: Foul Ball, location: 2F 2-2: Ball 3-2: Fly out, F4 (Line Drive, 4, EV 68.1 MPH)
|
|
Batting: RHB Ryan Rinaldi
|
0-0: Called Strike 0-1: Called Strike 0-2: Ball 1-2: Strikes out swinging
|
| Bottom of the 3rd over - 0 runs, 2 hits, 0 errors, 2 left on base; State College 2 - Boise 0 |
| TOP OF THE 4TH |
|
State College Spikes batting - Pitching for Boise Hawks : LHP Marc Eismann
|
|
Batting: RHB Francisco Vargas
|
0-0: Foul Ball, location: 2F 0-1: Ground out 6-3 (Groundball, 6MD, EV 81.3 MPH)
|
|
Batting: RHB Immel Kamuzu
|
0-0: Ball 1-0: Ball 2-0: Ball 3-0: Called Strike 3-1: Base on Balls
|
|
Batting: RHB John Gibbs
|
0-0: Grounds into double play, 6-4-3 (Groundball, 6, EV 88.8 MPH)
|
| Top of the 4th over - 0 runs, 0 hits, 0 errors, 0 left on base; State College 2 - Boise 0 |
| BOTTOM OF THE 4TH |
|
Boise Hawks batting - Pitching for State College Spikes : RHP Jim Vickers
|
|
Batting: LHB Greg Valenzuela
|
0-0: Ball 1-0: Called Strike 1-1: Ball 2-1: Fly out, F8 (Flyball, 89D, EV 111.3 MPH)
|
|
Batting: RHB Henry Alvizo
|
0-0: Foul Ball, location: 2F 0-1: Swinging Strike 0-2: Strikes out swinging
|
|
Batting: RHB Tyler Stebbins
|
0-0: Ball 1-0: Ground out 5-3 (Groundball, 56, EV 90.0 MPH)
|
| Bottom of the 4th over - 0 runs, 0 hits, 0 errors, 0 left on base; State College 2 - Boise 0 |
| TOP OF THE 5TH |
|
State College Spikes batting - Pitching for Boise Hawks : LHP Marc Eismann
|
|
Batting: LHB Adam Eisen
|
0-0: SINGLE (Groundball, 34D, EV 106.3 MPH)
|
|
Batting: RHB Ray Souza
|
0-0: Called Strike 0-1: Swinging Strike 0-2: Ball 1-2: Strikes out swinging
|
|
Batting: LHB Ichiro Toyota
|
0-0: Ball Adam Eisen steals 2nd, throwing error, E2 Adam Eisen to third 1-0: DOUBLE (Line Drive, 78D, EV 101.9 MPH) Adam Eisen scores
|
|
Batting: RHB Mark Cahill
|
0-0: Ball 1-0: Swinging Strike 1-1: DOUBLE (Line Drive, 9LD, EV 110.0 MPH) Ichiro Toyota scores
|
|
Batting: LHB Shigeru Ono
|
0-0: Called Strike 0-1: Ball 1-1: Ground out 3-1 (Groundball, 34S, EV 89.4 MPH) Mark Cahill to third
|
|
Batting: RHB Mike Zimmerly
|
0-0: Ball 1-0: Fly out, F8 (Flyball, 8LM, EV 86.3 MPH)
|
| Top of the 5th over - 2 runs, 3 hits, 1 error, 1 left on base; State College 4 - Boise 0 |
| BOTTOM OF THE 5TH |
|
Boise Hawks batting - Pitching for State College Spikes : RHP Jim Vickers
|
|
Batting: LHB Glenn Lowther
|
0-0: Called Strike 0-1: SINGLE (Line Drive, 4MD, EV 100.6 MPH)
|
|
Batting: RHB Chris Tatum
|
0-0: Called Strike Glenn Lowther is caught stealing 2nd base 2-4 0-1: Called Strike 0-2: Foul Ball, location: 2F 0-2: Fly out, F9 (Flyball, 9, EV 90.0 MPH)
|
|
Batting: LHB Zane Kelton
|
0-0: Ball 1-0: Called Strike 1-1: Ball 2-1: Called Strike 2-2: Strikes out swinging
|
| Bottom of the 5th over - 0 runs, 1 hit, 0 errors, 0 left on base; State College 4 - Boise 0 |
| TOP OF THE 6TH |
|
State College Spikes batting - Pitching for Boise Hawks : LHP Marc Eismann
|
|
Pitching: RHP Mike Clark
|
|
|
Batting: RHB Francisco Vargas
|
0-0: Swinging Strike 0-1: Swinging Strike 0-2: Foul Ball, location: 2F 0-2: Foul Ball, location: 2F 0-2: Foul Ball, location: 2F 0-2: Ground out 5-3 (Groundball, 5S, EV 66.9 MPH)
|
|
Batting: RHB Immel Kamuzu
|
0-0: Ball 1-0: Foul Ball, location: 2F 1-1: Swinging Strike 1-2: Ground out 6-3 (Groundball, 6, EV 102.5 MPH)
|
|
Batting: RHB John Gibbs
|
0-0: Ball 1-0: Ball 2-0: Ball 3-0: Called Strike 3-1: DOUBLE (Groundball, 5L, EV 100.6 MPH)
|
|
Batting: LHB Adam Eisen
|
0-0: Ball 1-0: Called Strike 1-1: 2-RUN HOME RUN (Line Drive, 7D, EV 98.1 MPH), Distance : 375 ft
|
|
Batting: RHB Ray Souza
|
0-0: Ball 1-0: Ball 2-0: Called Strike 2-1: Ball 3-1: Foul Ball, location: 2F 3-2: Foul Ball, location: 2F 3-2: Foul Ball, location: 2F 3-2: Base on Balls
|
|
Batting: LHB Ichiro Toyota
|
0-0: Ball Ray Souza steals 2nd base 1-0: Ball 2-0: Ball 3-0: Base on Balls
|
|
Batting: RHB Mark Cahill
|
0-0: Called Strike 0-1: Swinging Strike 0-2: Strikes out swinging
|
| Top of the 6th over - 2 runs, 2 hits, 0 errors, 2 left on base; State College 6 - Boise 0 |
| BOTTOM OF THE 6TH |
|
Boise Hawks batting - Pitching for State College Spikes : RHP Jim Vickers
|
|
Batting: RHB Matt Cone
|
0-0: Called Strike 0-1: Called Strike 0-2: Ball 1-2: Strikes out looking
|
|
Batting: LHB Eddie Gonzalez
|
0-0: Swinging Strike 0-1: Ball 1-1: Called Strike 1-2: Ground out 6-3 (Groundball, 6, EV 83.1 MPH)
|
|
Batting: RHB Ryan Rinaldi
|
0-0: Called Strike 0-1: Ball 1-1: Foul Ball, location: 2F 1-2: Fly out, F8 (Line Drive, 8RM, EV 94.4 MPH)
|
| Bottom of the 6th over - 0 runs, 0 hits, 0 errors, 0 left on base; State College 6 - Boise 0 |
| TOP OF THE 7TH |
|
State College Spikes batting - Pitching for Boise Hawks : RHP Mike Clark
|
|
Pitching: RHP Angelo Ayala
|
|
|
Batting: LHB Shigeru Ono
|
0-0: Ball 1-0: Ball 2-0: Called Strike 2-1: Swinging Strike 2-2: Ball 3-2: DOUBLE (Groundball, 3L, EV 108.8 MPH)
|
|
Batting: RHB Mike Zimmerly
|
0-0: Ball 1-0: Ball 2-0: Called Strike 2-1: Ball 3-1: Foul Ball, location: 2F 3-2: Foul Ball, location: 2F 3-2: DOUBLE (Line Drive, 8LD, EV 104.4 MPH) Shigeru Ono scores
|
|
Batting: RHB Francisco Vargas
|
0-0: Swinging Strike 0-1: Called Strike 0-2: Ball 1-2: Ball 2-2: Ball 3-2: Base on Balls
|
|
Batting: RHB Immel Kamuzu
|
0-0: Ball 1-0: Foul Ball, location: 2F 1-1: Swinging Strike 1-2: Ball 2-2: Foul Ball, location: 2F 2-2: Strikes out looking
|
|
Batting: RHB John Gibbs
|
0-0: Grounds into double play, 4-6-3 (Groundball, 4, EV 86.9 MPH)
|
| Top of the 7th over - 1 run, 2 hits, 0 errors, 1 left on base; State College 7 - Boise 0 |
| BOTTOM OF THE 7TH |
|
Boise Hawks batting - Pitching for State College Spikes : RHP Jim Vickers
|
|
Pitching: RHP Asao Saito
|
|
|
Pinch Hitting: LHB Joe Miller
|
0-0: Foul Ball, location: 2F 0-1: Ball 1-1: Ball 2-1: Ball 3-1: Foul Ball, location: 2F 3-2: Strikes out looking
|
|
Batting: RHB Henry Alvizo
|
0-0: Ball 1-0: Foul Ball, location: 2F 1-1: Swinging Strike 1-2: SINGLE (Line Drive, 9LM, EV 103.8 MPH)
|
|
Batting: RHB Tyler Stebbins
|
0-0: 2-RUN HOME RUN (Flyball, 7D, EV 96.9 MPH), Distance : 349 ft
|
|
Batting: LHB Glenn Lowther
|
0-0: Ball 1-0: Foul Ball, location: 2F 1-1: Foul Ball, location: 2F 1-2: Strikes out swinging
|
|
Batting: RHB Chris Tatum
|
0-0: Ball 1-0: Ground out 6-3 (Groundball, 6, EV 81.9 MPH)
|
| Bottom of the 7th over - 2 runs, 2 hits, 0 errors, 0 left on base; State College 7 - Boise 2 |
| TOP OF THE 8TH |
|
State College Spikes batting - Pitching for Boise Hawks : RHP Angelo Ayala
|
|
Now in RF: Joe Miller
|
|
|
Batting: LHB Adam Eisen
|
0-0: Called Strike 0-1: Ball 1-1: Ball 2-1: Foul Ball, location: 2F 2-2: Strikes out swinging
|
|
Batting: RHB Ray Souza
|
0-0: Ball 1-0: Called Strike 1-1: Ball 2-1: Ball 3-1: Base on Balls
|
|
Batting: LHB Ichiro Toyota
|
0-0: Ball 1-0: Called Strike 1-1: Grounds into double play, 4-6-3 (Groundball, 4M, EV 97.5 MPH)
|
| Top of the 8th over - 0 runs, 0 hits, 0 errors, 0 left on base; State College 7 - Boise 2 |
| BOTTOM OF THE 8TH |
|
Boise Hawks batting - Pitching for State College Spikes : RHP Asao Saito
|
|
Batting: LHB Zane Kelton
|
0-0: Ball 1-0: Swinging Strike 1-1: Ball 2-1: Ball 3-1: Called Strike 3-2: Ground out 6-3 (Groundball, 6, EV 91.9 MPH)
|
|
Batting: RHB Matt Cone
|
0-0: Called Strike 0-1: Ball 1-1: Fly out, F9 (Flyball, 9, EV 93.1 MPH)
|
|
Batting: LHB Eddie Gonzalez
|
0-0: Ball 1-0: Swinging Strike 1-1: Foul Ball, location: 2F 1-2: Ball 2-2: Ground out 3-1 (Groundball, 34, EV 105.6 MPH)
|
| Bottom of the 8th over - 0 runs, 0 hits, 0 errors, 0 left on base; State College 7 - Boise 2 |
| TOP OF THE 9TH |
|
State College Spikes batting - Pitching for Boise Hawks : RHP Angelo Ayala
|
|
Batting: RHB Mark Cahill
|
0-0: Reached on error, E4 (Popup, 4M, EV 70.0 MPH)
|
|
Batting: LHB Shigeru Ono
|
0-0: Called Strike 0-1: Ball 1-1: Fielders Choice at 2nd, 6-4 (Groundball, 56, EV 105.0 MPH)
|
|
Pitching: RHP Tye Dickinson
|
|
|
Batting: RHB Mike Zimmerly
|
0-0: Ball Shigeru Ono steals 2nd base 1-0: Ball 2-0: Swinging Strike 2-1: Called Strike 2-2: Foul Ball, location: 2F 2-2: Strikes out swinging
|
|
Batting: RHB Francisco Vargas
|
0-0: Called Strike 0-1: Ball 1-1: Foul Ball, location: 2F 1-2: Strikes out looking
|
| Top of the 9th over - 0 runs, 0 hits, 1 error, 1 left on base; State College 7 - Boise 2 |
| BOTTOM OF THE 9TH |
|
Boise Hawks batting - Pitching for State College Spikes : RHP Asao Saito
|
|
Batting: RHB Ryan Rinaldi
|
0-0: Ball 1-0: Called Strike 1-1: Ball 2-1: SINGLE (Groundball, 56D, EV 100.0 MPH) (infield hit)
|
|
Batting: LHB Joe Miller
|
0-0: Called Strike 0-1: Ball 1-1: Swinging Strike 1-2: Strikes out swinging
|
|
Pitching: LHP Heath Maher
|
|
|
Batting: RHB Henry Alvizo
|
0-0: Swinging Strike 0-1: Foul Ball, location: 2F 0-2: Ball 1-2: Foul Ball, location: 2F 1-2: Fly out, F7 (Flyball, 78S, EV 71.3 MPH)
|
|
Batting: RHB Tyler Stebbins
|
0-0: Called Strike 0-1: Ball 1-1: Called Strike 1-2: Ball 2-2: Strikes out swinging
|
| Bottom of the 9th over - 0 runs, 1 hit, 0 errors, 1 left on base; State College 7 - Boise 2 |
|